 Dungeon Crawl Stone Soup version 0.21-a0-125-gb006224 (webtiles) character file.

1773 FrankyJ the Protected (level 8, -6/79 HPs)
             Began as a Minotaur Fighter on July 14, 2017.
             Was a Believer of Jiyva.
             Mangled by an orc warrior
             ... wielding a +0 battleaxe
              (12 damage)
             ... on level 7 of the Dungeon.
             The game lasted 00:15:46 (6403 turns).

FrankyJ the Protected (Minotaur Fighter)            Turns: 6403, Time: 00:15:46

Health: -6/79      AC: 14    Str: 21    XL:     8   Next: 80%
Magic:  7/7        EV:  4    Int:  7    God:    Jiyva [**....]
Gold:   237        SH:  9    Dex: 10    Spells: 7/7 levels left

rFire    + . .     SeeInvis .   a - +0 trident
rCold    . . .     Gourm    .   c - +0 shield
rNeg     . . .     Faith    .   u - +0 plate armour of Youthful Indiscretion {rElec rPois} (curse)
rPois    +         Spirit   .   (helmet restricted)
rElec    +         Reflect  .   (no cloak)
rCorr    .         Harm     .   (no gloves)
MR       .....                  (no boots)
Stlth    ..........             (no amulet)
HPRegen  0.23/turn              y - ring of wizardry
MPRegen  0.10/turn              F - ring of protection from fire

@: no status effects
A: retaliatory headbutt, horns 2
a: Request Jelly, Renounce Religion


You were on level 7 of the Dungeon.
You worshipped Jiyva.
Jiyva was pleased with you.
You were not hungry.

You visited 2 branches of the dungeon, and saw 8 of its levels.

You collected 237 gold pieces.

Inventory:

Hand Weapons
 a - a +0 trident (weapon)
 d - a +0 scythe
Missiles
 w - 5 tomahawks (quivered)
 x - 7 curare-tipped needles
Armour
 b - a +0 scale mail
 c - a +0 shield (worn)
 u - the cursed +0 plate armour of Youthful Indiscretion (worn) {rElec rPois}
   (You found it on level 6 of the Dungeon)

   It insulates you from electricity.
   It protects you from poison.
   It has a curse placed upon it.
Jewellery
 y - a ring of wizardry (left hand)
 F - a ring of protection from fire (right hand)
Wands
 D - a wand of iceblast (9/15)
Scrolls
 e - 2 scrolls of fog {unknown}
 g - 3 scrolls of fear {unknown}
 h - 3 scrolls of remove curse {unknown}
 j - 4 scrolls of teleportation {unknown}
 l - 8 scrolls of identify {unknown}
 m - 2 scrolls of random uselessness {unknown}
 o - a scroll of immolation {unknown}
 p - 2 scrolls of amnesia {unknown}
 s - a scroll of recharging {unknown}
 z - a scroll of noise {unknown}
 B - 3 scrolls of magic mapping {unknown}
Potions
 k - 3 potions of ambrosia {unknown}
 n - 5 potions of curing
 q - 2 potions of flight {unknown}
 r - a potion of agility {unknown}
 t - a potion of invisibility {unknown}
 A - a potion of degeneration {unknown}
 C - a potion of magic {unknown}
 E - a potion of berserk rage {unknown}
 G - a potion of mutation {unknown}
Comestibles
 f - 3 bread rations
 i - 2 meat rations
 v - 4 royal jellies
 H - 3 chunks of flesh


   Skills:
 + Level 9.9 Fighting
 - Level 4.1 Polearms
 + Level 10.0 Armour
 - Level 4.0 Shields


You had 7 spell levels left.
You didn't know any spells.

Dungeon Overview and Level Annotations

Branches:
Dungeon (7/15)             Temple (1/1) D:4

Altars:
Cheibriados
Fedhas
Nemelex Xobeh
Okawaru
Ru
Sif Muna
Trog
Wu Jian
Xom
Yredelemnul
The Shining One
Jiyva


Innate Abilities, Weirdness & Mutations

You reflexively headbutt those who attack you in melee.
You have a pair of horns on your head.


Message History

You barely miss the orc warrior.
The orc warrior is almost dead.
The orc hits you.
* * * LOW HITPOINT WARNING * * *
The orc warrior completely misses you. The orc barely misses you.
You furiously retaliate!
You headbutt the orc. You completely miss the orc warrior.
Your headbutt misses the orc warrior.
The orc warrior is almost dead.
You block the orc warrior's attack. You block the orc's attack.
You hit the orc warrior.
The orc warrior is almost dead.
The orc warrior hits you with a battleaxe!
* * * LOW HITPOINT WARNING * * *
You block the orc's attack.
You barely miss the orc warrior. Your headbutt misses the orc warrior.
The orc warrior is almost dead.
You hear a distant slurping noise.
The crimson imp blinks!
The orc hits you but does no damage.
The orc warrior hits you with a battleaxe!
You die...

.#.# #.# ...
#.#### #.# #.##.##
##J######.#...####
..>..J...........+
#..##....J....####
#.###.###.##..## .
#.# #.#
#.###..#####....
#.# #.# #..
#...@oZ..... #.#
#.#
#...#....o...#..
#.# #.#
#...#.#####..ยง..
#.# #.# ##.##..
.... #.# ... ...
#.# ##.. .. #.#
#... # #.# #. #.#


You could see an orc warrior, an orc and a quokka zombie.

Vanquished Creatures
  Grinder (D:4)
  Sigmund (D:4)
  A hungry ghost (D:5)
  A sky beast (D:5)
  2 phantoms (D:6)
  3 ogres
  A water moccasin zombie (D:5)
  A water moccasin skeleton (D:3)
  A centaur zombie (D:5)
  2 crimson imps
  An orc priest (D:3)
  Jessica (D:3)
  Natasha (thrice) (D:2)
  4 orc wizards
  5 worker ants
  Robin (D:4)
  5 adders
  A howler monkey skeleton (D:5)
  A shadow imp (D:5)
  An ooze (D:3)
  2 adder skeletons (D:4)
  3 worms
  2 dart slugs
  2 leopard geckos
  24 orcs
  9 bats
  3 giant cockroaches
  15 goblins
  14 hobgoblins
  15 jackals
  5 quokkas
  6 frilled lizards
  8 kobolds
  A quokka zombie (D:5)
  5 rats
151 creatures vanquished.

Vanquished Creatures (others)
  A bullfrog (D:6)
  A scorpion (D:7)
  A jelly (D:6)
  A leopard gecko (D:6)
  An orc (D:7)
  3 jackals (D:4)
  A leopard gecko skeleton (D:4)
9 creatures vanquished.

Grand Total: 160 creatures vanquished

Notes
Turn   | Place    | Note
-------+----------+-------------------------------------------
     0 | D:1      | FrankyJ the Minotaur Fighter began the quest for the Orb.
     0 | D:1      | Reached XP level 1. HP: 19/19 MP: 0/0
   122 | D:1      | Reached XP level 2. HP: 27/27 MP: 1/1
   696 | D:1      | Reached XP level 3. HP: 33/33 MP: 2/2
   970 | D:2      | Noticed Natasha
   973 | D:2      | Reached skill level 4 in Armour
   978 | D:2      | Killed Natasha
   978 | D:2      | Reached XP level 4. HP: 39/41 MP: 3/3
  1073 | D:2      | Noticed Natasha
  1374 | D:2      | Killed Natasha
  1374 | D:2      | Reached skill level 5 in Fighting
  1456 | D:2      | Reached XP level 5. HP: 41/48 MP: 4/4
  1607 | D:2      | Noticed Natasha
  1611 | D:2      | Killed Natasha
  1778 | D:3      | Reached skill level 5 in Armour
  1841 | D:3      | Noticed Jessica
  1849 | D:3      | Killed Jessica
  1908 | D:3      | Found a snail-covered altar of Cheibriados.
  2427 | D:4      | Noticed Grinder
  2427 | D:4      | Noticed an ogre
  2431 | D:4      | Reached XP level 6. HP: 53/57 MP: 5/5
  2800 | D:3      | Reached skill level 6 in Armour
  3017 | D:4      | Paralysed by Grinder for 3 turns
  3022 | D:4      | Killed Grinder
  3022 | D:4      | Reached XP level 7. HP: 23/66 MP: 6/6
  3469 | D:4      | Reached skill level 7 in Armour
  3606 | D:4      | Noticed Robin
  3607 | D:4      | Noticed Sigmund
  3627 | D:4      | Killed Robin
  3642 | D:4      | Killed Sigmund
  3698 | D:4      | Found a staircase to the Ecumenical Temple.
  4192 | Temple   | Entered the Ecumenical Temple
  4209 | Temple   | Became a worshipper of Jiyva Jecwah the Shapeless
  4270 | D:5      | Entered Level 5 of the Dungeon
  4298 | D:5      | Reached skill level 8 in Armour
  4331 | D:5      | Reached XP level 8. HP: 61/74 MP: 7/7
  4534 | D:5      | Reached skill level 9 in Armour
  5303 | D:4      | Reached * piety under Jiyva
  5760 | D:6      | Got an aquamarine-encrusted plate armour
  6064 | D:6      | Identified the cursed +0 plate armour of Youthful Indiscretion {rElec rPois} (You found it on level 6 of the Dungeon)
  6082 | D:6      | Found an ornate altar of the Wu Jian Council.
  6196 | D:6      | Reached ** piety under Jiyva
  6361 | D:7      | Reached skill level 10 in Armour
  6403 | D:7      | Mangled by an orc warrior

Vault maps used:
D:1:      minmay_arrival_four_houses, minmay_door_square, minmay_fountain_box
D:2:      kennysheep_big_flooded_room, uniq_natasha
D:3:      kennysheep_slug_shrine, uniq_jessica
D:4:      lemuel_temple_firewalk_b, first_bread, uniq_robin, uniq_grinder,
          uniq_sigmund
D:6:      lemuel_crystal_altar
D:7:      basic_altar, the_bakery, hangedman_decor_lopped,
          grunt_decor_one_mirror, kennysheep_generic_room_8
Temple:   pf_slimified_temple

Skill      XL: |  1  2  3  4  5  6  7  8 |
---------------+-------------------------+-----
Fighting       | 4 5 7 8 9 |  9.9
Polearms       | 3 4 |  4.1
Shields        | 4 |  4.0
Armour         | 4 5 6 8 10 | 10.0

Action                   |  1- 3 |  4- 6 |  7- 9 || total
-------------------------+-------+-------+-------++-------
Melee: Trident           |   104 |   149 |   305 ||   558
       Headbutt          |    13 |    13 |    47 ||    73
  Use: Potion            |       |     1 |     1 ||     2
  Eat: Chunk             |       |     7 |     9 ||    16
       Meat ration       |       |       |     1 ||     1
Armor: Scale mail        |    30 |    67 |    94 ||   191
       Plate armour      |       |       |    18 ||    18
Dodge: Dodged            |    23 |    32 |    56 ||   111
Block: Shield            |    41 |    74 |   112 ||   227
